 Dungeon Crawl Stone Soup version 0.14.0-26-g1682e81 (webtiles) character file.

553 Heini the Covered (level 6, -20/56 HPs)
             Began as a Hill Orc Fighter on Apr 27, 2014.
             Was an Initiate of Okawaru.
             Demolished by an ogre
             ... wielding a +0,+0 giant club
              (27 damage)
             ... on Level 4 of the Dungeon.
             The game lasted 00:10:13 (3426 turns).

Heini the Covered (Hill Orc Fighter)                Turns: 3426, Time: 00:10:14

HP -20/56        AC 11     Str 26      XL: 6   Next: 53%
MP   6/6         EV  7     Int  8      God: Okawaru [......]
Gold 218         SH 19     Dex 10      Spells:  0 memorised,  5 levels left

rFire  . . .     SeeInvis .     a - +0 war axe
rCold  . . .     Clarity  .     b - +0 scale mail
rNeg   . . .     Conserve .     c - +0 shield
rPois  .         rCorr    .     l - +0 helmet
rElec  .         rRot     .     g - +0 cloak
SustAb . .       Spirit   .     (no gloves)
rMut   .         Warding  .     n - +0 pair of boots
Saprov + . .     Stasis   .     (no amulet)
MR     .....                    (no ring)
                                (no ring)

@: mighty, not resistant to hostile enchantments, extremely unstealthy
A: saprovore 1
a: Renounce Religion


You were on level 4 of the Dungeon.
You worshipped Okawaru.
Okawaru was noncommittal.
You were not hungry.

You visited 2 branches of the dungeon, and saw 5 of its levels.
You also visited: Sewer.

You collected 218 gold pieces.

Inventory:

Hand weapons
 a - a +0,+0 war axe (weapon)
Armour
 b - a +0 scale mail (worn)
 c - a +0 shield (worn)
 g - a +0 cloak (worn)
 l - a +0 helmet (worn)
 n - a +0 pair of boots (worn)
Magical devices
 m - a wand of slowing (12) {unknown}
Comestibles
 d - 4 meat rations
 h - 3 bread rations
 s - a beef jerky
 u - a choko
Scrolls
 i - 6 scrolls of identify
 k - 5 scrolls of immolation {unknown}
 q - a scroll of magic mapping
 r - 2 scrolls of remove curse
 t - 3 scrolls of fog
 w - a scroll of teleportation
 y - a scroll of enchant armour {unknown}
 A - a scroll of fear
Potions
 e - 2 potions of might
 f - a potion of curing
 j - 2 potions of brilliance {unknown}
 o - a potion of degeneration {unknown}
 p - a potion of confusion {unknown}
 z - a potion of berserk rage {unknown}
 B - a potion of haste {unknown}
Books
 v - a book of Dreams

   Spells                             Type                      Level
   Ensorcelled Hibernation            Hexes/Ice                    2
   Flight                             Charms/Air                   3
   Phase Shift                        Translocation                5
   Shadow Creatures                   Summoning                    5
   Mass Confusion                     Hexes                        6
   Darkness                           Hexes                        7
 x - a book of Cantrips

   Spells                             Type                      Level
   Confusing Touch                    Hexes                        1
   Animate Skeleton                   Necromancy                   1
   Summon Small Mammal                Summoning                    1
   Apportation                        Translocation                1


   Skills:
 * Level 5.1 Fighting
 * Level 5.6 Axes
 * Level 5.6 Armour
 - Level 3.2 Shields


You had 5 spell levels left.
You didn't know any spells.

Dungeon Overview and Level Annotations

Branches:
Dungeon (4/15)             Temple (1/1) D:4

Altars:
Ashenzari
Cheibriados
Dithmenos
Fedhas
Makhleb
Nemelex Xobeh
Okawaru
Sif Muna
Trog


Innate Abilities, Weirdness & Mutations

You can tolerate rotten meat.


Message History

You barely miss the ogre.
The ogre is lightly wounded.
You block the ogre's attack.
You hit the ogre but do no damage.
The ogre is lightly wounded.
You block the ogre's attack.
Your shield prevents you from hitting the ogre.
The ogre is lightly wounded.
The ogre hits you with a giant club!
You hit the ogre.
The ogre is lightly wounded.
The ogre hits you with a giant club!
Drink which item? (? for menu, Esc to quit)
You feel very mighty all of a sudden. The ogre hits you with a giant club!
* * * LOW HITPOINT WARNING * * *
You barely miss the ogre.
The ogre is lightly wounded.
The ogre hits you with a giant club!
You die...

..#.### *####..#..#.# ..#.#
#..#..#.# ....# #..#.##.# ..###
#..#<##.# ..# #..#.##.# ..#
#**#..#.##.#########**** ..#
*****#.^#.,#..........>..,,,
..,,,,,,.......####.######.##****
.,*,,,,,,,,*#..O@..........#
,,*,,,, ,,,*#..###.######..#****
,,+,,,,,,,....,,.....,,,,,,,,,,,,
*,*,,,,,,.[##,,#...###,,*,,******
,, ** ***.,,, ,#...#**, * ,* ***
**** *+####.,,,,*,, *,,
,,,,*#**,,*,,* *,⌠,,,⌠,*,,,,, ,,*
* *********,, , ,,*,** **,,*


You could see an ogre.

Vanquished Creatures
  Purgy (Sewer)
  A big fish (D:4)
  Crazy Yiuf (D:3)
  A worker ant (D:4)
  8 adders
  A giant mite (D:2)
  A worm (D:2)
  A giant gecko (D:2)
  An ooze (D:3)
  3 orcs (D:3)
  A ball python (D:2)
  12 bats
  5 giant cockroaches
  8 goblins
  7 hobgoblins
  2 jackals (D:2)
  2 quokkas
  5 giant newts
  5 kobolds
  9 rats
75 creatures vanquished.

Notes
Turn   | Place    | Note
--------------------------------------------------------------
     0 | D:1      | Heini, the Hill Orc Fighter, began the quest for the Orb.
     0 | D:1      | Reached XP level 1. HP: 19/19 MP: 1/1
   552 | D:1      | Reached XP level 2. HP: 27/27 MP: 2/2
  1173 | D:2      | Reached skill level 4 in Fighting
  1173 | D:2      | Reached XP level 3. HP: 31/33 MP: 3/3
  1642 | D:2      | Reached XP level 4. HP: 30/41 MP: 4/4
  2066 | D:3      | Reached XP level 5. HP: 34/47 MP: 5/5
  2375 | D:3      | Found a shadowy altar of Dithmenos.
  2494 | D:3      | Noticed Crazy Yiuf
  2498 | D:3      | Paralysed by Crazy Yiuf for 6 turns
  2505 | D:3      | Killed Crazy Yiuf
  2505 | D:3      | Reached skill level 5 in Armour
  2828 | D:4      | Found a staircase to the Ecumenical Temple.
  2837 | D:4      | Found a glowing drain.
  2869 | Sewer    | Entered a sewer
  2908 | Sewer    | Noticed Purgy
  2925 | Sewer    | Killed Purgy
  2925 | Sewer    | Reached skill level 5 in Fighting
  2925 | Sewer    | Reached skill level 5 in Axes
  2925 | Sewer    | Reached XP level 6. HP: 32/56 MP: 6/6
  3012 | Temple   | Entered the Ecumenical Temple
  3182 | Temple   | Became a worshipper of Warmaster Okawaru
  3416 | D:4      | Noticed an ogre
  3426 | D:4      | Demolished by an ogre

Action                   |  1- 3 |  4- 6 || total
-------------------------+-------+-------++-------
Melee: War axe           |    99 |   150 ||   249
  Use: Scroll            |     6 |     3 ||     9
       Potion            |       |     3 ||     3
